 Dungeon Crawl Stone Soup version 0.16.1-51-g6203257 (webtiles) character file.

182 namelastname112 the Insei (level 5, -2/40 HPs)
             Began as a Draconian Venom Mage on Aug 5, 2015.
             Killed by nerve-wracking pain
             ... invoked by an orc priest
              (8 damage)
             ... on level 3 of the Dungeon.
             The game lasted 00:06:02 (3203 turns).

namelastname112 the Insei (Draconian Venom Mage)    Turns: 3203, Time: 00:06:02

Health: -2/40      AC:  7    Str: 11    XL:     5   Next: 34%
Magic:  2/9        EV: 12    Int: 18    God:
Gold:   118        SH:  0    Dex: 12    Spells: 1 memorised, 7 levels left

rFire  + . .     SeeInvis .       - Unarmed
rCold  + . .     Clarity  .     (armour unavailable)
rNeg   . . .     SustAb   .     (no shield)
rPois  +         Gourm    .     (helmet restricted)
rElec  +         Spirit   .     (no cloak)
rCorr  +         Warding  .     (no gloves)
rMut   .         Stasis   .     i - +1 pair of boots
MR     .....                    (no amulet)
Stlth  ++........               (no ring)
                                e - +3 ring of intelligence

@: resistant, very slightly contaminated, not resistant to hostile enchantments,
unstealthy
A: unfitting armour, spit poison 1, cold-blooded, AC +5
a: Spit Poison


You were on level 3 of the Dungeon.
You were not hungry.

You visited 1 branch of the dungeon, and saw 3 of its levels.

You collected 118 gold pieces.

Inventory:

Armour
 i - a +1 pair of boots (worn)
Jewellery
 e - a +3 ring of intelligence (left hand)
Scrolls
 j - 3 scrolls of identify {unknown}
 m - a scroll of teleportation {unknown}
 n - a scroll of remove curse {unknown}
 o - 2 scrolls of immolation {unknown}
Potions
 k - a potion of might {unknown}
 l - a potion of brilliance {unknown}
Books
 b - a Young Poisoner's Handbook

   Spells                             Type                      Level
   a - Sting                          Conjuration/Poison           1
   b - Cure Poison                    Poison                       2
   c - Mephitic Cloud                 Conjuration/Poison/Air       3
   d - Olgreb's Toxic Radiance        Poison                       4
   e - Venom Bolt                     Conjuration/Poison           5
Comestibles
 a - 7 fruits
 c - a bread ration
 d - 2 meat rations
 h - a royal jelly


   Skills:
 - Level 1.0 Fighting
 - Level 2.1 Dodging
 - Level 1.7 Stealth
 * Level 4.7 Unarmed Combat
 - Level 2.0 Spellcasting
 - Level 4.0 Poison Magic


You had 7 spell levels left.
You knew the following spells:

 Your Spells              Type           Power        Failure   Level  Hunger
a - Sting                 Conj/Pois      #...         10%         1    #......


Dungeon Overview and Level Annotations

Branches:
Dungeon (3/15)

Altars:


Innate Abilities, Weirdness & Mutations

Your plain brown scales are hard (AC +5).
Your body does not fit into most forms of armour.
Your cold-blooded metabolism reacts poorly to cold.
You can spit poison.


Message History

* * * LOW HITPOINT WARNING * * *
Casting: Sting
Confirm with . or Enter, or press ? or * to list all spells.
Aiming: Sting
Press: ? - help, Shift-Dir - straight line, f/p - orc priest
Aim: an orc priest, wearing a leather armour (almost dead, poisoned)
The sting hits the orc priest.
The orc priest looks even sicker.
The orc priest is almost dead.
The orc priest barely misses you.
Drink which item? (? for menu, Esc to quit)
It was a potion of resistance.
You feel protected.
The orc priest hits you but does no damage.
Drink which item? (? for menu, Esc to quit)
It was a potion of beneficial mutation.
There is a nasty taste in your mouth for a moment.
You feel fantastic!
The orc priest mumbles some strange prayers to Beogh against you.
Pain shoots through your body!
You die...

#.....##......#.#
#.#...##.###..#.#
########...##.###..#.#
#....................#
#.########.#.......###
............#####.#
#########.#.# #.#
#.#.#####.#
#@#.......#
#o######### #oo).ooo..
#########


You could see an orc priest, an orc wizard and an orc.

Vanquished Creatures
  An orc wizard (D:3)
  Jessica (D:2)
  An adder (D:2)
  4 gnolls
  A worm (D:1)
  2 giant geckos
  An ooze (D:1)
  5 orcs (D:3)
  2 ball pythons (D:1)
  5 bats
  6 hobgoblins
  18 jackals
  9 kobolds
  3 giant cockroaches
  2 giant newts
  2 goblins (D:1)
  A quokka (D:3)
  8 rats
72 creatures vanquished.

Notes
Turn   | Place    | Note
--------------------------------------------------------------
     0 | D:1      | namelastname112, the Draconian Venom Mage, began the quest for the Orb.
     0 | D:1      | Reached XP level 1. HP: 14/14 MP: 3/3
   439 | D:1      | Reached skill level 1 in Fighting
   456 | D:1      | Reached XP level 2. HP: 2/23 MP: 0/4
   461 | D:1      | HP: 1/23 [rat (1)]
   929 | D:1      | Reached skill level 1 in Unarmed Combat
  1114 | D:1      | Reached XP level 3. HP: 18/28 MP: 6/6
  1589 | D:2      | Noticed Jessica
  1859 | D:2      | Reached XP level 4. HP: 30/35 MP: 7/7
  2042 | D:2      | Killed Jessica
  2750 | D:3      | Reached XP level 5. HP: 40/40 MP: 9/9
  3203 | D:3      | Gained mutation: You can spit poison. [potion of beneficial mutation]
  3203 | D:3      | Killed from afar by an orc priest

Action                   |  1- 3 |  4- 6 || total
-------------------------+-------+-------++-------
Melee: Unarmed           |   207 |   157 ||   364
 Cast: Sting             |    27 |    16 ||    43
  Use: Potion            |       |     2 ||     2
 Stab: Sleeping          |     1 |     1 ||     2
  Eat: Chunk             |     4 |     4 ||     8
